 Dungeon Crawl Stone Soup version 0.20.0-10-g0535bb4 (webtiles) character file.

165 kuniqs the Shield-Bearer (level 5, -11/69 HPs)
             Began as a Minotaur Fighter on June 7, 2017.
             Mangled by an orc wizard
             ... wielding a +2 dagger of electrocution
              (14 damage)
             ... on level 3 of the Dungeon.
             The game lasted 00:02:01 (1871 turns).

kuniqs the Shield-Bearer (Minotaur Fighter)         Turns: 1871, Time: 00:02:01

Health: -11/69     AC:  7    Str: 27    XL:     5   Next: 22%
Magic:  4/4        EV:  9    Int:  5    God:
Gold:   141        SH: 10    Dex:  9    Spells: 4/4 levels left

rFire    . . .     SeeInvis .   a - +0 war axe
rCold    . . .     Gourm    .   c - +0 shield
rNeg     . . .     Faith    .   b - +0 scale mail
rPois    .         Spirit   .   (helmet restricted)
rElec    .         Reflect  .   (no cloak)
rCorr    .         Harm     .   (no gloves)
MR       +....                  (no boots)
Stlth    ..........             p - amulet of rage
Regen    0.3/turn               j - ring of protection from magic
MPRegen  0.1/turn               (no ring)

@: berserking (expiring), very quick
A: retaliatory headbutt, horns 2
a: Evoke Berserk Rage


You were on level 3 of the Dungeon.
You were very hungry.

You visited 1 branch of the dungeon, and saw 3 of its levels.

You collected 141 gold pieces.

Inventory:

Hand Weapons
 a - a +0 war axe (weapon)
Armour
 b - a +0 scale mail (worn)
 c - a +0 shield (worn)
Jewellery
 j - a ring of protection from magic (left hand)
 p - an amulet of rage (around neck)
Wands
 n - a wand of flame (20/48)
Scrolls
 e - 5 scrolls of identify {unknown}
 h - a scroll of teleportation {unknown}
 k - 3 scrolls of noise {unknown}
 m - a scroll of blinking {unknown}
Potions
 f - 2 potions of might
 i - a potion of agility {unknown}
 l - a potion of brilliance {unknown}
 o - 2 potions of flight {unknown}
Comestibles
 d - 2 bread rations
 g - 3 chunks of flesh


   Skills:
 + Level 4.3 Fighting
 + Level 3.9 Axes
 + Level 4.4 Armour
 + Level 2.1 Dodging
 + Level 4.6 Shields


You had 4 spell levels left.
You didn't know any spells.

Dungeon Overview and Level Annotations

Branches:
Dungeon (3/15)

Altars:
Kikubaaqudgha
Sif Muna

Annotations:
D:3 Robin


Innate Abilities, Weirdness & Mutations

You reflexively headbutt those who attack you in melee.
You have a pair of horns on your head.


Message History

You slash the hobgoblin!
You kill the hobgoblin!
You miss something. You closely miss the orc. You closely miss something.
You slash the goblin!
You kill the goblin!
You block the orc's attack.
You hear some strange, mumbled words.
A puff of flame appears from out of thin air!
The puff of flame hits you!
* * * LOW HITPOINT WARNING * * *
You block something's attack.
An orc priest comes into view. It is wielding a falchion of venom.
You closely miss the orc. You miss something.
The orc priest shouts!
You slash something!
Reactivating autopickup.
You feel a bit more experienced. Something hits you.
* * * LOW HITPOINT WARNING * * *
You are electrocuted!
You die...

#.... ....# . . # #...# .g
o. .. ...##. ... #..##
.... g... #...##..#......
#...))#gg.... .
##..@ogg.... .
##..)){...... #. #
####....)g.##... ##.##
#....$#.....#### ....
##.###.....#....###. #.##
#.......>.#####..... ##.##
#...#..#.#######..####....
####...#.......#....##....
#..#####..........#....


You could see Robin, an orc priest, an orc and 5 goblins.

Vanquished Creatures
  Jessica (D:2)
  An orc wizard (D:3)
  3 adders
  An ooze (D:2)
  A worm (D:2)
  4 leopard geckos
  5 orcs (D:3)
  6 bats
  4 giant cockroaches
  12 goblins
  12 hobgoblins
  9 kobolds
  A ball python (D:1)
  2 frilled lizards (D:1)
  7 rats
69 creatures vanquished.

Notes
Turn   | Place    | Note
-------+----------+-------------------------------------------
     0 | D:1      | kuniqs the Minotaur Fighter began the quest for the Orb.
     0 | D:1      | Reached XP level 1. HP: 19/19 MP: 0/0
   225 | D:1      | Reached skill level 1 in Dodging
   225 | D:1      | Reached XP level 2. HP: 26/26 MP: 1/1
   927 | D:2      | Reached XP level 3. HP: 21/33 MP: 2/2
  1349 | D:2      | Found a deep blue altar of Sif Muna.
  1351 | D:2      | Found an ancient bone altar of Kikubaaqudgha.
  1431 | D:2      | Noticed Jessica
  1433 | D:2      | Killed Jessica
  1433 | D:2      | Reached XP level 4. HP: 40/40 MP: 3/3
  1861 | D:3      | Noticed Robin
  1868 | D:3      | Reached XP level 5. HP: 26/46 MP: 4/4
  1871 | D:3      | HP: 3/69 [something (4)]
  1871 | D:3      | Mangled by an orc wizard

Skill      XL: |  1  2  3  4 |
---------------+-------------+-----
Dodging        | 1 2 |  2.1
Shields        | 4 |  4.6
Axes           | 3 |  3.9
Armour         | 4 |  4.4
Fighting       | 4 |  4.3

Action                   |  1- 3 |  4- 6 || total
-------------------------+-------+-------++-------
Melee: War axe           |    84 |    43 ||   127
       Headbutt          |    11 |     4 ||    15
 Abil: Evoke Berserk Rag |       |     3 ||     3
  Eat: Chunk             |     2 |     3 ||     5
Armor: Scale mail        |    36 |    24 ||    60
Dodge: Dodged            |    22 |    13 ||    35
Block: Shield            |    48 |    34 ||    82
